Map: Dusk Towers

Players

WismerHilL

  • Race: Zerg Zerg
  • League: Gold

capac - Winner!

  • Race: Terran Terran
  • League: Gold

VOD

Have the link to the VOD?

Description

Time

  • Played on: May 1, 2016, 2:49 p.m.
  • Length: 19:17
Show
View Real Time Build Order
Export as new Build Order

WismerHilL Zerg 

Build Orders: Hatch First, Muta Ling Bane 

Get SALT Encoding   

  12  0:03  Drone  
  13  0:12  Overlord  
  13  0:17  Drone  
  14  0:30  Drone  
  14  0:31  Drone  
  16  0:35  Drone  
  17  0:55  Drone  
  17  0:56  Hatchery  
  17  1:11  Spawning Pool  
  16  1:12  Drone  
  16  1:17  Extractor  
  16  1:21  Drone x2  
  18  1:30  Drone  
  19  1:40  Drone  
  20  1:59  Queen  
  22  2:01  Hatchery  
  22  2:05  Overlord  
  21  2:15  Queen  
  21  2:20  Drone  
  24  2:24  Drone  
  25  2:31  Drone x2  
  27  2:40  Zergling x6  
  28  2:55  Metabolic Boost  
  28  3:02  Zergling x8  
  32  3:07  Drone  
  32  3:08  Drone  
  34  3:17  Drone  
  34  3:18  Drone x3  
  38  3:26  Queen  
  40  3:34  Queen  
  42  3:49  Overlord x3  
  42  3:57  Evolution Chamber  
  41  4:07  Drone x3  
  41  4:08  Drone x4  
  48  4:15  Spore Crawler  
  47  4:17  Drone x2  
  47  4:18  Drone  
  47  4:21  Extractor  
  47  4:24  Spore Crawler  
  48  4:33  Spine Crawler  
  48  4:34  Zerg Ground Armor Level 1  
  47  4:41  Lair  
  47  4:46  Drone x3  
  47  4:50  Drone x2  
  52  4:59  Drone x5  
  57  5:12  Baneling Nest  
  56  5:15  Evolution Chamber  
  56  5:16  Zergling x2  
  56  5:17  Zergling x10  
  56  5:20  Overlord  
  61  5:24  Overlord  
  61  5:38  Drone x8  
  61  5:39  Drone  
  70  5:43  Extractor  
  70  5:44  Extractor  
  68  5:52  Zerg Melee Weapons Level 1  
  68  5:54  Drone x3  
  68  5:55  Drone  
  68  5:56  Centrifical Hooks  
  72  6:00  Zergling x2  
  73  6:04  Baneling x2  
  73  6:05  Baneling x5  
  73  6:06  Baneling x2  
  73  6:15  Drone x9  
  81  6:31  Zerg Ground Armor Level 2  
  73  6:40  Extractor  
  73  6:42  Extractor  
  71  6:52  Hatchery  
  70  7:07  Zergling x2  
  70  7:08  Zergling x20  
  81  7:19  Overlord x3  
  81  7:32  Infestation Pit  
  80  7:38  Spire  
  80  7:39  Drone x3  
  82  7:51  Spore Crawler  
  82  7:54  Drone x9  
  90  8:34  Zergling x2  
  90  8:35  Zergling x30  
  90  8:39  Spore Crawler  
  105  8:42  Extractor  
  105  8:45  Extractor  
  103  8:49  Hive  
  103  8:52  Hydralisk Den  
  102  9:04  Mutalisk  
  102  9:05  Mutalisk x3  
  99  9:32  Queen  
  101  9:39  Mutalisk x5  
  109  10:00  Zerg Melee Weapons Level 2  
  109  10:02  Zerg Ground Armor Level 3  
  109  10:06  Ultralisk Cavern, Zerg Flyer Weapons Level 1  
  94  10:41  Baneling  
  94  10:42  Baneling x6  
  94  10:43  Baneling  
  94  10:44  Zergling x2  
  94  10:45  Zergling x34  
  94  10:49  Lurker Den  
  112  10:54  Chitinous Plating  
  112  11:06  Overlord x6  
  94  12:08  Ultralisk  
  94  12:09  Ultralisk x9  
  94  12:13  Queen  
  150  12:21  Overlord  
  150  12:22  Overlord x5  
  150  12:43  Corruptor x2  
  152  12:46  Hydralisk x3  
  152  12:47  Hydralisk x4  
  152  12:48  Hydralisk x4  
  167  13:32  Hydralisk  
  167  13:33  Hydralisk x15  
  190  14:07  Corruptor x6  
  190  14:08  Corruptor  
  190  14:09  Zergling x2  
  154  14:10  Zergling x8  
  144  14:23  Ultralisk  
  132  14:27  Zergling x2  
  132  14:28  Zergling x26  
  132  14:33  Baneling  
  132  14:34  Baneling x9  
  108  14:57  Zerg Melee Weapons Level 3  
  108  14:59  Zerg Missile Weapons Level 1, Muscular Augments  
  108  15:00  Hatchery  
  108  15:02  Zerg Flyer Armor Level 1  
  107  15:21  Baneling  
  107  15:22  Baneling x14  
  107  15:27  Corruptor  
  109  15:29  Zergling x2  
  109  15:30  Zergling x48  
  130  16:07  Corruptor x2  
  130  16:08  Corruptor x5  
  128  16:15  Spore Crawler  
  128  16:17  Spore Crawler  
  126  16:21  Overlord x5  
  126  16:30  Spore Crawler x2  
  126  16:31  Spore Crawler  
  122  16:33  Spore Crawler  
  101  16:53  Corruptor  
  97  16:54  Corruptor x7  
  67  17:19  Drone x2  
  67  17:20  Drone x2  
  65  17:47  Greater Spire  
  65  17:52  Zergling x4  
  65  17:56  Drone  
  68  18:28  Queen  
  68  18:29  Drone x2  
  68  18:30  Drone x2  
Show
View Real Time Build Order
Export as new Build Order

capac Terran - Winner!

Build Orders: Reaper Expand 

Get SALT Encoding   

  12  0:00  SCV  
  13  0:13  SCV  
  14  0:18  Supply Depot  
  14  0:25  SCV  
  15  0:40  SCV  
  15  0:41  Barracks  
  16  0:46  Refinery  
  16  0:52  SCV  
  17  1:04  SCV  
  18  1:16  SCV  
  19  1:29  Reaper  
  19  1:30  Orbital Command  
  20  1:42  Command Center  
  20  1:49  Supply Depot  
  20  1:55  SCV  
  21  2:06  Factory  
  21  2:08  SCV  
  22  2:10  Marine  
  23  2:23  Barracks  
  23  2:31  Barracks Reactor  
  23  2:54  Factory Tech Lab  
  23  3:08  Marine x2  
  23  3:11  Refinery  
  25  3:18  Barracks Reactor, Command Center  
  25  3:22  SCV  
  25  3:24  Orbital Command  
  26  3:34  Marine x2  
  26  3:37  Siege Tank  
  31  3:48  Barracks  
  31  3:52  SCV  
  32  4:01  Marine x4  
  32  4:02  Barracks  
  36  4:05  SCV  
  36  4:09  SCV  
  38  4:17  SCV  
  38  4:21  Marine x4  
  38  4:23  SCV  
  44  4:29  SCV  
  45  4:31  Siege Tank  
  48  4:44  Barracks Tech Lab  
  48  4:47  Starport  
  48  4:53  Barracks Reactor  
  48  4:55  SCV x2  
  50  5:01  Engineering Bay  
  50  5:03  Engineering Bay  
  50  5:07  SCV x2, Orbital Command  
  50  5:13  Marine x2  
  54  5:19  SCV x2  
  54  5:21  Marine x2  
  57  5:25  Stimpack  
  57  5:27  Medivac  
  60  5:34  Missile Turret  
  60  5:41  SCV  
  61  5:47  Supply Depot  
  61  5:56  Supply Depot  
  61  6:02  Marine x7  
  61  6:03  Starport Reactor, SCV  
  69  6:05  Starport  
  69  6:09  SCV  
  70  6:15  Terran Infantry Weapons Level 1  
  70  6:16  Terran Infantry Armor Level 1  
  70  6:19  Refinery  
  70  6:21  SCV x2  
  70  6:23  Refinery  
  71  6:40  Marine x5  
  71  6:41  Bunker, Marine x2  
  71  6:42  SCV  
  71  6:43  SCV x2  
  81  6:51  Starport Reactor  
  81  6:55  SCV  
  81  6:59  SCV x2  
  84  7:08  Marine x2  
  85  7:16  Supply Depot  
  85  7:20  Marauder, Marine x4  
  85  7:21  Supply Depot  
  91  7:25  Armory  
  91  7:29  Missile Turret  
  91  7:30  Marine x2  
  91  7:31  SCV  
  94  7:38  SCV  
  94  7:39  SCV  
  94  7:43  Medivac x2  
  100  7:46  SCV  
  100  7:49  Supply Depot  
  100  7:50  Supply Depot  
  101  7:52  SCV x2  
  103  7:59  Medivac x2  
  103  8:00  Marine  
  103  8:01  Marine  
  103  8:02  SCV  
  110  8:12  SCV x2  
  112  8:14  SCV  
  113  8:30  Barracks  
  113  8:32  Liberator  
  113  8:34  Barracks  
  113  8:35  Barracks, Missile Turret  
  113  8:38  SCV x3  
  113  8:39  Command Center  
  113  8:40  Marine x4  
  74  8:41  Liberator x2  
  120  8:44  Liberator  
  132  9:03  Marine  
  133  9:22  Marine  
  133  9:23  Marine  
  118  9:34  Marine x4  
  118  9:35  Marine  
  123  9:40  Marine  
  123  9:44  Liberator x2  
  100  9:46  Missile Turret  
  100  9:48  Missile Turret  
  100  9:50  Missile Turret x2  
  98  9:53  Missile Turret  
  98  9:54  SCV  
  98  9:55  SCV x2  
  98  9:56  Missile Turret  
  98  9:57  Refinery  
  98  9:59  Refinery  
  97  10:00  Medivac  
  97  10:01  Medivac  
  107  10:08  Orbital Command  
  106  10:14  Marine  
  106  10:15  Marine x5  
  106  10:18  Marauder  
  114  10:32  Marine  
  114  10:33  Marine x4  
  114  10:35  Liberator x4, SCV x2  
  121  10:39  Marauder, Missile Turret  
  123  10:44  Barracks Tech Lab x2  
  123  10:45  Barracks Reactor  
  123  10:47  Marine  
  136  11:01  Marauder  
  138  11:05  Marine  
  138  11:06  Marine x5  
  138  11:07  Marauder x2  
  148  11:13  Orbital Command  
  148  11:28  Supply Depot  
  148  11:29  Terran Infantry Weapons Level 2, Terran Infantry Armor Level 2  
  147  11:49  Marine  
  148  12:03  Marauder, Marine x8  
  147  12:35  Supply Depot  
  147  12:36  Supply Depot  
  147  12:37  Supply Depot  
  147  12:39  Supply Depot  
  147  12:45  Liberator x4  
  147  12:57  Marauder x3  
  147  12:58  Marine x7  
  154  12:59  Marine  
  151  13:16  Marine  
  151  13:18  Marauder x3  
  138  13:22  Orbital Command  
  138  13:24  Marine  
  133  13:33  Marine  
  133  13:34  Marine x6  
  134  13:39  Marine x3  
  143  13:42  Marine  
  144  13:51  Marine x3  
  144  13:52  Marine x4  
  151  13:57  Marine x3  
  151  14:00  Marine  
  148  14:09  Marine x4  
  122  14:15  Marauder x3  
  112  14:27  Marine x8  
  113  14:36  Marine x3  
  105  14:44  Marine  
  105  14:45  Marine x7  
  107  14:49  Liberator  
  109  14:55  Marauder x2  
  113  15:05  Orbital Command, Medivac x2  
  120  15:24  Marine  
  120  15:25  Marauder  
  120  15:26  Marauder x2  
  127  15:37  Medivac  
  129  15:47  Marauder x2  
  124  16:19  Marine x4  
  124  16:20  Marine x7  
  135  16:36  Marine  
  135  16:37  Marine x5, Liberator x3  
  135  16:38  Marine x5, Liberator  
  143  16:54  Marine x2  
  125  17:10  Marine  
  125  17:11  Marine x8  
  125  17:12  Marine x2  
  125  17:13  Orbital Command  
  123  17:28  Marine  
  119  17:31  Marauder x3  
  127  18:04  Marine  
  127  18:05  Marine x7  
  137  18:07  Marauder x2  
  137  18:29  Refinery  
  137  18:30  Refinery  
Tags
 
Add a new tag
Caveats
  • Supply blocks, unpowered buildings, or Contaminate may cause inaccurate times.
  • Supply counts are checked every 10 seconds.